 Dungeon Crawl Stone Soup version bcrawl-1.39.1 (webtiles) character file.

Game seed: 1129923163603244932

105595 Finalfun the Sneak (level 3, -1/20 HPs)
             Began as a Vine Stalker Archaeologist on Sept 26, 2023.
             Slain by Robin
             ... wielding a +0 short sword
              (4 damage)
             ... on level 2 of the Dungeon.
             The game lasted 00:02:54 (1420 turns).

Finalfun the Sneak (Vine Stalker Archaeologist)     Turns: 1420, Time: 00:02:55

Health: -1/20      AC:  8    Str: 14    XL:     3   Next: 50%
Magic:  4/4        EV: 11    Int: 14    God:
Gold:   122        SH:  0    Dex: 12    Spells: 2/2 levels left

rFire    + . .     GDR:     24% a - +0 whip
rCold    + . .     SeeInvis .   (no shield)
rNeg     . . .     Gourm    .   q - +0 ring mail
rPois    +         Faith    .   d - +1 hat
rElec    +         Spirit   .   (no cloak)
rCorr    +         Reflect  .   (no gloves)
MR       .....                  i - +1 pair of boots
Stlth    ++........             (no amulet)
HPRegen  0.53/turn              (no ring)
MPRegen  0.09/turn              (no ring)

@: resistant
A: fangs 2, regeneration 1, no potion heal 3, rot immunity, strong jaws
a: no special abilities


You were on level 2 of the Dungeon.
You were hungry.

You visited 1 branch of the dungeon, and saw 2 of its levels.

You collected 122 gold pieces.

Inventory:

Hand Weapons
 a - a +0 whip (weapon)
 b - a +0 blowgun
Missiles
 c - 92 arrows
 f - 6 curare-tipped needles
 p - 467 stones (quivered)
Armour
 d - a +1 hat (worn)
 i - a +1 pair of boots (worn)
 q - a +0 ring mail (worn)
Jewellery
 m - an uncursed ring of stealth {unknown}
Scrolls
 g - a scroll of revelation
 k - a scroll of fear {unknown}
 l - a scroll of immolation {unknown}
 n - a scroll of enchant weapon {unknown}
 r - 2 scrolls of remove curse {unknown}
 t - a scroll of noise {unknown}
 u - a scroll of teleportation {unknown}
Potions
 o - a potion of heal wounds
Miscellaneous
 h - a dusty tome
Comestibles
 e - 5 rations {!d}


   Skills:
 - Level 1.0 Fighting
 - Level 1.0 Maces & Flails
 - Level 3.2 Dodging
 + Level 6.4 Stealth


You had 2 spell levels left.
You didn't know any spells.
Your spell library was empty.

Dungeon Overview and Level Annotations

Branches:
Dungeon (2/12)

Altars:
Uskayaw

Annotations:
D:2 Robin


Innate Abilities, Weirdness & Mutations

You have extremely sharp teeth.
Your natural rate of healing is unusually fast.
Potions cannot restore your health.
You are immune to rotting.
Your bites deal extra damage.


Message History

The hobgoblin hits you but does no damage.
You hit the hobgoblin but do no damage. Your bite misses the hobgoblin.
The hobgoblin is heavily wounded.
The goblin barely misses you. The hobgoblin barely misses you.
The goblin closely misses you.
You hit the hobgoblin.
You kill the hobgoblin!
You barely miss the goblin. The goblin barely misses you.
You closely miss the goblin. Robin hits you but does no damage.
The goblin hits you.
* * * LOW HITPOINT WARNING * * *
Robin hits you with a +0 short sword.
* * * LOW HITPOINT WARNING * * *
You miss the goblin. The goblin barely misses you.
Robin hits you but does no damage.
You hit the goblin. You bite the goblin.
You kill the goblin!
Robin barely misses you. Robin hits you with a +0 short sword.
You die...

((#...#._ +.# (#.#.##.. #.#
#...##..###.# ..........
#########...### ##.........
..............####..........
###.##.######...##..........
.#. ###.##..........
#..#....!.....
##@#.......... #.g.)........
#####........ .........
######.... #g.


g You could see Robin.

Vanquished Creatures
  A worm (D:2)
  A dart slug (D:1)
  9 goblins (D:2)
  8 hobgoblins
  4 jackals (D:2)
  2 quokkas (D:2)
  2 bats
  A rat (D:1)
28 creatures vanquished.

Notes
Turn   | Place    | Note
-------+----------+-------------------------------------------
     0 | D:1      | Finalfun the Vine Stalker Archaeologist began the quest for
                  | the Orb.
     0 | D:1      | Reached XP level 1. HP: 11/11 MP: 2/2
   183 | D:1      | Reached skill level 1 in Maces & Flails
   200 | D:1      | Reached skill level 1 in Fighting
   369 | D:1      | Reached skill level 5 in Stealth
   369 | D:1      | Reached XP level 2. HP: 16/16 MP: 3/3
  1087 | D:2      | Reached XP level 3. HP: 18/20 MP: 4/4
  1136 | D:2      | Noticed a +0 dagger
  1137 | D:2      | Noticed a +0 falchion
  1137 | D:2      | Noticed a +0 falchion
  1138 | D:2      | Noticed a +0 spear
  1138 | D:2      | Noticed a +0 short sword
  1138 | D:2      | Noticed a +0 short sword
  1138 | D:2      | Noticed a +0 spear
  1139 | D:2      | Noticed a +0 dagger
  1140 | D:2      | Found a hide-covered altar of Uskayaw.
  1379 | D:2      | Reached skill level 6 in Stealth
  1379 | D:2      | Noticed Robin
  1420 | D:2      | Slain by Robin

Skill      XL: |  1  2  3 |
---------------+----------+-----
Maces & Flails | 1 |  1.0
Fighting       | 1 |  1.0
Stealth        | 5 6 |  6.4
Dodging        | |  3.2

Action                   || total
-------------------------++-------
Melee: Whip              ||   119
       Bite              ||    15
Throw: Stone             ||     6
  Use: Potion            ||     2
 Stab: Sleeping          ||     4
  Eat: Chunk             ||     4
Armor: Robe              ||     8
       Ring mail         ||    41
Dodge: Dodged            ||    88
